 Dungeon Sprint DCSS version 0.31-a0-4-gefa6de2278 (webtiles) character file.

Game seed: 8626644987073842904

44928 123456 the Shatterer (level 13, -13/156 HPs)
             Began as a Minotaur Fighter on May 2, 2023.
             Was an Initiate of Gozag.
             Killed from afar by a fire dragon (23 damage)
             ... with a blast of flame
             ... in the Dungeon (Sprint IX: "|||||||||||||||||||||||||||||") on May 4, 2023.
             The game lasted 00:09:32 (3933 turns).

123456 the Shatterer (Minotaur Fighter)             Turns: 3933, Time: 00:09:33

Health: -13/156    AC: 30    Str: 29    XL:     13   Next: 98%
Magic:  12/12      EV: 14    Int:  5    God:    Gozag
Gold:   6932       SH:  4    Dex: 12    Spells: 12/12 levels left

rFire   . . .        n - +6 morningstar (drain)
rCold   . . .        D - +0 buckler "Arinuyzu" {rCorr Str+2 Slay+3}
rNeg    . . .        p - +0 plate armour
rPois   .            c - +1 hat {Will+}
rElec   .            a - +2 cloak
rCorr   +            o - +0 pair of gloves
SInv    .            E - +1 pair of boots
Will    +....        (no amulet) Stlth
                     q - +2 ring of protection
HPRegen 0.46/turn    r - +3 ring of strength
MPRegen 0.13/turn

%: no teleportation
@: gold aura
A: horns 2, retaliatory headbutt
a: Renounce Religion, Potion Petition, Call Merchant, Bribe Branch


You were in the Dungeon.
You worshipped Gozag.
Gozag was greatly pleased with you.
You visited 1 branch You collected 12543 gold pieces.
You spent 757 gold pieces at shops.
You paid 4854 gold pieces to Gozag.

Inventory:

Hand Weapons
 n - a +6 morningstar of draining (weapon)
 t - a +0 heavy great mace
 I - a +1 antimagic morningstar
Missiles
 z - 3 throwing nets (quivered)
Armour
 a - a +2 cloak (worn)
 c - a +1 hat of willpower (worn)
 o - a +0 pair of gloves (worn)
 p - a +0 plate armour (worn)
 D - the +0 buckler "Arinuyzu" (worn) {rCorr Str+2 Slay+3}
   (You found it in the Dungeon)

   Str:       It affects your strength (+2).
   Slay:      It affects your accuracy & damage with ranged weapons and melee
   (+3).
   rCorr:     It protects you from acid and corrosion.
 E - a +1 pair of boots (worn)
 H - a +0 kite shield of reflection
Jewellery
 q - a +2 ring of protection (left hand)
 r - a +3 ring of strength (right hand)
 A - a ring of protection from fire
 B - a ring of protection from fire
 C - a ring of poison resistance
Wands
 m - a wand of iceblast (10)
 y - a wand of light (5)
Scrolls
 j - 4 scrolls of blinking
 l - 2 scrolls of amnesia
 u - 2 scrolls of fear
 F - a scroll of identify
 G - 2 scrolls of enchant weapon
Potions
 b - a potion of mutation
 d - a potion of might
 e - 7 potions of curing
 f - 9 potions of heal wounds
 g - a potion of haste
 h - 4 potions of magic
 i - a potion of berserk rage
 k - a potion of invisibility
 s - a potion of brilliance
 v - a potion of ambrosia
 w - a potion of resistance
 x - 2 potions of lignification {unknown}


   Skills:
 * Level 26.1 Fighting
 * Level 26.1 Maces & Flails
 + Level 19.3 Armour
 + Level 17.5 Dodging
 - Level 3.6 Shields


You had 12 spell levels left.
You didn't know any spells.
Your spell library was empty.

Dungeon Overview and Level Annotations

Branches:
Dungeon (1/1)

Altars:
Cheibriados
Dithmenos
Elyvilon
Fedhas
Gozag
Hepliaklqana
Kikubaaqudgha
Makhleb
Nemelex Xobeh
Okawaru
Qazlal
Ru
Sif Muna
Trog
Uskayaw
Vehumet
Wu Jian
Xom
Yredelemnul
Zin
The Shining One
Jiyva
Lugonu

Shops:
D [!(*(:::(


Innate Abilities, Weirdness & Mutations

You have a pair of horns on your head.
You reflexively headbutt those who attack you in melee.


Message History

The frost giant shouts!
You bludgeon the frost giant!! You drain the frost giant!
The frost giant is no longer distracted by gold.
You headbutt the frost giant, but do no damage.
The frost giant is severely wounded.
You skewer the frost giant like a kebab!!!
You kill the frost giant!
You closely miss the white very ugly thing.
The tengu reaver is no longer distracted by gold.
The white very ugly thing kicks you but does no damage.
You bludgeon the white very ugly thing!!
You drain the white very ugly thing.
The white very ugly thing is moderately wounded.
You impale the white very ugly thing!! You drain the white very ugly thing!
The white very ugly thing is severely wounded.
The fire giant is distracted by your dazzling golden aura.
The white very ugly thing kicks you but does no damage.
The fire giant shouts!
You hit the white very ugly thing. You drain the white very ugly thing.
The white very ugly thing is almost dead.
You hear a horrible gurgling sound!
The fire giant is no longer distracted by gold.
The tengu reaver is distracted by your dazzling golden aura.
The white very ugly thing kicks you.
* * * LOW HITPOINT WARNING * * *
The white very ugly thing freezes you!!
* * * LOW HITPOINT WARNING * * *
You closely miss the white very ugly thing.
You headbutt the white very ugly thing, but do no damage.
The white very ugly thing is almost dead.
The tengu reaver is no longer distracted by gold.
The white very ugly thing barely misses you.
You puncture the white very ugly thing!
The white very ugly thing is almost dead.
You bludgeon the white very ugly thing!!
You kill the white very ugly thing!
The fire dragon breathes flames at you. The blast of flame hits you!!
You die...
Your body crumbles into a pile of gold.

▓.▓.▓'▓.▓)▓.▓)▓.▓[
▓.▓.▓[▓.▓)▓.▓)▓.▓∩
▓'▓.▓)▓.▓)▓.▓)▓.▓∩
▓$▓.▓.▓.▓)▓.▓)▓.▓.
▓$▓.▓)▓.▓)▓.▓.▓.▓.
▓$▓.▓[▓.▓)▓.▓)▓)▓.
▓$▓.▓.▓.▓)▓.▓.▓.▓'
▓$▓.▓.▓.▓)▓.▓.▓.▓.
▓@▓.▓∩▓)▓.▓.▓.▓.▓.
▓$▓.▓∩▓.▓[▓.▓.▓.▓.
▓D▓.▓'▓.▓[▓.▓.▓.▓.
▓Q▓.▓∩▓.▓[▓.▓.▓.▓.
▓.▓.▓[▓.▓.▓.▓'▓.▓.
▓C▓.▓)▓.▓[▓.▓)▓.▓.
▓.▓.▓[▓.▓[▓.▓)▓.▓.
▓.▓.▓)▓.▓[▓.▓.▓.▓.
▓.▓.▓.▓[▓.▓)▓.▓'


You could see a fire giant, a fire dragon (catching breath) and a tengu reaver.

Vanquished Creatures
  Rupert (D)
  Donald (D)
  3 frost giants (D)
  2 fire giants (D)
  2 nagarajas (D)
  A spriggan defender (D)
  A very ugly thing (D)
  A bunyip (D)
  2 eleionomae (D)
  A spark wasp (D)
  2 ettins (D)
  A merfolk impaler (D)
  A fire dragon (D)
  A shambling mangrove (D)
  Josephine (D)
  A rakshasa (D)
  Harold (D)
  2 ice dragons (D)
  4 hydras (D)
  An anaconda (D)
  A ghost crab (D)
  A centaur warrior (D)
  A naga warrior (D)
  A merfolk aquamancer (D)
  A boulder beetle (D)
  An orc high priest (D)
  A spriggan berserker (D)
  Nergalle (D)
  A skeletal warrior (D)
  A goliath frog (D)
  2 sea snakes (D)
  A lindwurm (D)
  5 orc knights (D)
  2 steelbarb worms (D)
  A deep elf pyromancer (D)
  2 ugly things (D)
  3 orc sorcerers (D)
  A cyclops (D)
  2 manticores (D)
  An elephant (D)
  4 black mambas (D)
  A merfolk siren (D)
  Joseph (D)
  A naga mage (D)
  3 cane toads (D)
  2 rime drakes (D)
  Psyche (D)
  A komodo dragon (D)
  2 tengu conjurers (D)
  A merfolk (D)
  A polar bear (shapeshifter) (D)
  A blink frog (D)
  2 tyrant leeches (D)
  3 tarantellas (D)
  A dream sheep (D)
  A slime creature (D)
  A culicivora (D)
  2 water elementals (D)
  4 wraiths (D)
  A basilisk (D)
  A yak (D)
  A redback (D)
  2 vampire mosquitoes (D)
  A naga (D)
  4 water moccasins (D)
  10 orc warriors (D)
  A black bear (D)
  A centaur (D)
  A phantom (D)
  A kobold brigand (D)
  2 bullfrogs (D)
  A gnoll sergeant (D)
  A wight (D)
  3 orc priests (D)
  A sleepcap (D)
  4 orc wizards (D)
  An adder (D)
  5 worms (D)
  14 orcs (D)
  An endoplasm (D)
  A giant cockroach (D)
  A quokka (D)
  A bat (D)
  A rat (D)
154 creatures vanquished.

Vanquished Creatures (others)
  A fire dragon (D)
  A deep troll shaman (D)
  A tengu warrior (D)
  An unseen horror (D)
4 creatures vanquished.

Grand Total: 158 creatures vanquished

Notes
Turn   | Place    | Note
-------+----------+-------------------------------------------
     0 | D        | 123456 the Minotaur Fighter began the quest for the Orb.
     0 | D        | Reached XP level 1. HP: 19/19 MP: 0/0
     0 | D        | Upgraded the game from 0.31-a0-1-g4198be8af4 to
                  | 0.31-a0-4-gefa6de2278
    13 | D        | Reached skill level 1 in Dodging
    20 | D        | Noticed a sleepcap
    20 | D        | Noticed a water moccasin
    20 | D        | Noticed a phantom
    21 | D        | Banished a spatial maelstrom
    23 | D        | Killed a sleepcap
    24 | D        | Reached skill level 5 in Fighting
    24 | D        | Reached XP level 2. HP: 28/29 MP: 1/1
    24 | D        | Reached XP level 3. HP: 35/36 MP: 2/2
    27 | D        | Killed a water moccasin
    28 | D        | Reached XP level 4. HP: 32/48 MP: 3/3
    31 | D        | Reached XP level 5. HP: 30/53 MP: 4/4
    37 | D        | Killed a phantom
   128 | D        | Found a snail-covered altar of Cheibriados.
   128 | D        | Found a shadowy altar of Dithmenos.
   128 | D        | Found a white marble altar of Elyvilon.
   128 | D        | Found a blossoming altar of Fedhas.
   128 | D        | Found an opulent altar of Gozag.
   129 | D        | Found a hazy altar of Hepliaklqana.
   130 | D        | Found a viscous altar of Jiyva.
   131 | D        | Found an ancient bone altar of Kikubaaqudgha.
   132 | D        | Found a corrupted altar of Lugonu.
   133 | D        | Found a burning altar of Makhleb.
   134 | D        | Found a sparkling altar of Nemelex Xobeh.
   135 | D        | Found an iron altar of Okawaru.
   136 | D        | Became a worshipper of Gozag Ym Sagoz the Greedy
   139 | D        | Found a stormy altar of Qazlal.
   140 | D        | Found a sacrificial altar of Ru.
   141 | D        | Found a shimmering blue altar of Sif Muna.
   142 | D        | Found a bloodstained altar of Trog.
   143 | D        | Found a hide-covered altar of Uskayaw.
   144 | D        | Found a radiant altar of Vehumet.
   145 | D        | Found an ornate altar of the Wu Jian Council.
   146 | D        | Found a shimmering altar of Xom.
   147 | D        | Found a basalt altar of Yredelemnul.
   148 | D        | Found a glowing silver altar of Zin.
   149 | D        | Found a glowing golden altar of the Shining One.
   206 | D        | Noticed a yak
   206 | D        | Noticed a centaur
   212 | D        | Killed a yak
   213 | D        | Reached skill level 10 in Fighting
   213 | D        | Reached skill level 5 in Dodging
   213 | D        | Reached XP level 6. HP: 65/66 MP: 5/5
   218 | D        | Reached skill level 10 in Maces & Flails
   234 | D        | Reached XP level 7. HP: 64/74 MP: 6/6
   321 | D        | Noticed a vampire mosquito
   321 | D        | Noticed a slime creature
   321 | D        | Noticed a wraith
   321 | D        | Noticed a deep elf pyromancer
   321 | D        | Noticed a centaur warrior
   326 | D        | Noticed a fire elemental
   328 | D        | Killed a slime creature
   331 | D        | Killed a vampire mosquito
   342 | D        | Noticed a fire elemental
   342 | D        | Noticed a fire elemental
   345 | D        | Killed a wraith
   346 | D        | Reached XP level 8. HP: 78/85 MP: 7/7
   347 | D        | Killed a deep elf pyromancer
   350 | D        | Killed an unseen horror
   357 | D        | Killed a centaur warrior
   358 | D        | Reached skill level 10 in Armour
   585 | D        | Noticed a blink frog
   585 | D        | Noticed a cane toad
   588 | D        | Reached XP level 9. HP: 96/96 MP: 8/8
   593 | D        | Killed a cane toad
   599 | D        | Reached skill level 15 in Fighting
   601 | D        | Reached skill level 15 in Maces & Flails
   601 | D        | Noticed a rime drake
   618 | D        | Killed a rime drake
   619 | D        | Reached skill level 10 in Dodging
   812 | D        | Bought a +0 heavy great mace for 191 gold pieces
   831 | D        | Noticed an elephant
   831 | D        | Noticed a rime drake
   831 | D        | Noticed a four-headed hydra
   831 | D        | Noticed a cane toad
   831 | D        | Noticed a komodo dragon
   834 | D        | Killed an elephant
   834 | D        | Noticed a cane toad
   836 | D        | Killed a four-headed hydra
   836 | D        | Noticed a black mamba
   837 | D        | Reached XP level 10. HP: 74/108 MP: 9/9
   844 | D        | Killed a cane toad
   849 | D        | Killed a cane toad
   855 | D        | Killed a black mamba
  1069 | D        | Noticed a lindwurm
  1073 | D        | Killed a lindwurm
  1171 | D        | Noticed Psyche
  1177 | D        | Killed Psyche
  1243 | D        | Noticed Josephine
  1253 | D        | Killed Josephine
  1254 | D        | Reached XP level 11. HP: 74/121 MP: 10/10
  1386 | D        | Noticed Joseph
  1399 | D        | Killed Joseph
  1564 | D        | Noticed an orc knight
  1564 | D        | Noticed an orc sorcerer
  1571 | D        | Killed an orc knight
  1575 | D        | Killed an orc sorcerer
  1759 | D        | Found Jienuoh's General Store.
  1759 | D        | Noticed an orc sorcerer
  1759 | D        | Noticed an orc high priest
  1760 | D        | Noticed an orc knight
  1763 | D        | Killed an orc sorcerer
  1768 | D        | Killed an orc high priest
  1770 | D        | Found Zitaunti's Weapon Shoppe.
  1779 | D        | Noticed an orc sorcerer
  1780 | D        | Killed an orc knight
  1783 | D        | Found Tyxu's Book Emporium.
  1785 | D        | Paralysed by an orc sorcerer for 4 turns
  1788 | D        | Noticed an orc knight
  1790 | D        | Killed an orc sorcerer
  1792 | D        | Found Xunaps's Book Shoppe.
  1793 | D        | Noticed an orc knight
  1796 | D        | Noticed an orc knight
  1799 | D        | Killed an orc knight
  1805 | D        | Killed an orc knight
  1816 | D        | Killed an orc knight
  1817 | D        | Reached skill level 15 in Armour
  2075 | D        | Bought a potion of heal wounds for 50 gold pieces
  2104 | D        | Noticed Harold
  2110 | D        | Killed Harold
  2202 | D        | Got the +0 buckler "Arinuyzu" {rCorr Str+2 Slay+3}
  2365 | D        | Noticed a red ugly thing
  2365 | D        | Noticed a red ugly thing
  2368 | D        | Noticed a skeletal warrior
  2373 | D        | Noticed a rakshasa
  2376 | D        | Noticed a tengu warrior
  2380 | D        | Killed a red ugly thing
  2381 | D        | Reached XP level 12. HP: 128/136 MP: 11/11
  2381 | D        | Noticed a frost giant
  2384 | D        | Noticed a frost giant
  2386 | D        | Noticed a deep troll shaman
  2394 | D        | Noticed a fire giant
  2397 | D        | Noticed a fire dragon
  2403 | D        | Killed a rakshasa
  2404 | D        | Noticed a fire giant
  2412 | D        | Killed a frost giant
  2414 | D        | Killed a deep troll shaman
  2414 | D        | Killed a tengu warrior
  2414 | D        | HP: 1/137 [fire giant/bolt of fire (24)]
  2423 | D        | Killed a fire giant
  2426 | D        | Killed a fire dragon
  2434 | D        | Killed a fire giant
  2671 | D        | Noticed Rupert
  2678 | D        | Killed Rupert
  2710 | D        | Noticed Nergalle
  2716 | D        | Killed Nergalle
  2717 | D        | Reached skill level 15 in Dodging
  2727 | D        | Noticed Donald
  2742 | D        | Killed Donald
  2839 | D        | Noticed a merfolk aquamancer
  2852 | D        | Noticed a merfolk impaler
  2854 | D        | Killed a merfolk aquamancer
  2883 | D        | Killed a merfolk impaler
  2884 | D        | Reached XP level 13. HP: 43/148 MP: 12/12
  3134 | D        | Noticed a nagaraja
  3135 | D        | Noticed a nagaraja
  3143 | D        | Killed a nagaraja
  3158 | D        | Killed a nagaraja
  3467 | D        | Bought a potion of curing for 45 gold pieces
  3467 | D        | Bought 2 potions of heal wounds for 150 gold pieces
  3467 | D        | Bought a potion of curing for 45 gold pieces
  3467 | D        | Bought a potion of curing for 45 gold pieces
  3470 | D        | Bought a runed morningstar for 231 gold pieces
  3478 | D        | Noticed a bunyip
  3478 | D        | Noticed an eleionoma
  3478 | D        | Noticed an eleionoma
  3482 | D        | Killed an eleionoma
  3490 | D        | Killed a bunyip
  3501 | D        | Killed an eleionoma
  3695 | D        | Noticed a spark wasp
  3707 | D        | Killed a spark wasp
  3874 | D        | Noticed a fire dragon
  3874 | D        | Noticed an ettin
  3874 | D        | Noticed an ettin
  3874 | D        | Noticed a frost giant
  3875 | D        | Noticed a spriggan defender
  3877 | D        | Killed a fire dragon
  3882 | D        | Killed a frost giant
  3883 | D        | Killed an ettin
  3887 | D        | Killed an ettin
  3904 | D        | Killed a spriggan defender
  3906 | D        | Noticed a frost giant
  3909 | D        | Noticed a fire dragon
  3919 | D        | Noticed a white very ugly thing
  3921 | D        | Noticed a tengu reaver
  3923 | D        | Noticed a fire giant
  3926 | D        | Killed a frost giant
  3933 | D        | Killed a white very ugly thing
  3933 | D        | Killed from afar by a fire dragon

Illustrated notes

Levels and vault maps discovered:
D:        linesprint [early_d, line_temple, items_1, d_10, items_2, lair_1,
          lair_end, items_3, orc_1, orc_end, items_4, d_15, swamp_1, shoals_1,
          snake_1, spider_1, d_20, vaults_1, items_5, swamp_end, shoals_end,
          snake_end, spider_end, vaults_end, d_27, items_6, zot_1, zot_end,
          crypt_end, forest_end, elf_end, slime_end, tomb_end, abyss_end,
          pan_hell_end]

Skill      XL: |  1  2  3  4  5  6  7  8  9 10 11 12 13 |
---------------+----------------------------------------+-----
Fighting       | 5 7 10 11 12 14 16 18 21 23 26 | 26.1
Maces & Flails | 4 7 9 11 12 14 16 18 21 23 26 | 26.1
Armour         | 4 6 7 8 9 10 12 13 15 17 19 | 19.3
Dodging        | 2 4 5 6 7 9 10 12 13 15 17 | 17.5
Shields        | |  3.6

Action                     |  1- 3 |  4- 6 |  7- 9 | 10-12 | 13-15 || total
---------------------------+-------+-------+-------+-------+-------++-------
  Melee: Flail             |    17 |    10 |       |       |       ||    27
         Headbutt          |     3 |     7 |    14 |    53 |    37 ||   114
         Morningstar       |       |    24 |    68 |   106 |   141 ||   339
         Great mace        |       |       |     4 |   158 |       ||   162
 Invoke: Call Merchant     |       |       |     2 |       |     3 ||     5
         Potion Petition   |       |       |       |       |     1 ||     1
  Evoke: Wand              |       |       |       |     2 |     2 ||     4
    Use: Scroll            |       |       |     6 |       |       ||     6
         Potion            |       |       |       |     6 |     2 ||     8
   Stab: Distracted        |       |       |       |     6 |     2 ||     8
         Invisible         |       |       |       |       |     2 ||     2
 Armour: Scale mail        |     5 |     3 |       |       |       ||     8
         Plate armour      |       |    13 |    51 |   100 |    60 ||   224
  Dodge: Dodged            |     6 |    10 |    19 |    87 |    53 ||   175
  Block: Buckler           |     4 |     7 |    11 |    11 |    21 ||    54

Table legend: (Time is in decaauts)
 A = Elapsed time spent in this place.
 B = Non-inter-level travel time spent in this place.
 C = Inter-level travel time spent in this place.
 D = Time resting spent in this place.
 E = Time spent auto-exploring this place.
 F = Levels seen in this place.
 G = Mean time per level.
                   A        B        C        D        E       F      G
               +--------+--------+--------+--------+--------+-----+--------+
         Total |   3875 |   3875 |      0 |   2038 |    704 |   1 | 3875.0 |
       Dungeon |   3875 |   3875 |      0 |   2038 |    704 |   1 | 3875.0 |
               +--------+--------+--------+--------+--------+-----+--------+

Top non-repeatable levels by time:
       D: 3875 daAuts
